[Event "Titled Tuesday Blitz November 15 Late 2022"]
[White "Guz, Ari"]
[Black "Gasparyan, David"]
[WhiteFideId "2825759"]
[BlackFideId "13311980"]
[WhiteElo "2205"]
[BlackElo "2277"]
[Result "1-0"]
[Round "01"]
[TimeControl "180+1"]
[Date "2022.11.16"]
[WhiteClock "0:00:18"]
[BlackClock "0:00:19"]

1. b3 Nf6 2. Bb2 Nc6 3. Nf3 g6 4. d4 d5 5. Nbd2 Bg7 6. e3 O-O 7. Bd3 Nb4 8. Be2 Bf5 9. O-O Nxc2 10. Rc1 Nb4 11. a3 Nd3 12. Bxd3 Bxd3 13. Re1 c6 14. Ne5 Bf5 15. b4 Nd7 16. Nxd7 Qxd7 17. Nb3 Qd6 18. Nc5 b6 19. Nb3 Rac8 20. Qd2 Rfe8 21. h3 e5 22. dxe5 Bxe5 23. Bxe5 Qxe5 24. Rc3 Bd7 25. Rec1 Qf6 26. Nd4 Re4 27. Qc2 Qg5 28. Kf1 Qf6 29. Nxc6 Kg7 30. Nxa7 Rxc3 31. Qxc3 d4 32. exd4 Rxd4 33. Re1 Bf5 34. Nc6 Bd3+ 35. Kg1 Rd6 36. Qxf6+ Kxf6 37. Ne5 Bb5 38. Ng4+ Kg7 39. Re3 Rd1+ 40. Kh2 Rd2 41. Rf3 Bc6 42. Rc3 Bd5 43. Ne3 Be6 44. Kg1 Ra2 45. g4 h5 46. gxh5 gxh5 47. h4 Kf6 48. Kg2 Ke5 49. Kf3 Kd4 50. Rc6 b5 51. Rc5 Rxa3 52. Rxb5 Bg4+ 53. Kf4 Be2 54. Nc2+ Kc3 55. Nxa3 Kb3 56. Ra5 Kxb4 57. Ra7 f6 58. Nc2+ Kc3 59. Ne3 Bd3 60. Ra3+ Kd2 61. Nf5 Be2 62. Ng3 Bg4 63. f3 Be6 64. Nxh5 f5 65. Ng7 Bd5 66. h5 Ke2 67. h6 Bg8 68. Kg5 Bh7 69. f4 Kd2 70. Ra7 Kd3 71. Ra8 Ke4 72. Rh8 Kd5 73. Rxh7 Kd6 74. Rh8 Ke7 75. Kg6 Kd6 76. Re8 Kd7 77. h7 1-0


[Site "https://www.chess.com"]

[Event "Titled Tuesday Blitz November 15 Late 2022"]
[White "Hakobyan, Aram"]
[Black "Zhang, Derek"]
[WhiteFideId "13306677"]
[BlackFideId "2087871"]
[WhiteElo "2563"]
[BlackElo "2087"]
[Result "1-0"]
[Round "01"]
[TimeControl "180+1"]
[Date "2022.11.15"]
[WhiteClock "0:00:43"]
[BlackClock "0:00:01"]

1. c4 d6 2. Nc3 e5 3. g3 f5 4. Bg2 Nf6 5. Nf3 g6 6. O-O Bg7 7. d3 O-O 8. b4 Kh8 9. b5 Nbd7 10. a4 Nc5 11. Rb1 Qe8 12. a5 Rb8 13. Ba3 Ne6 14. Nd2 f4 15. Nde4 Nxe4 16. Nxe4 Qe7 17. Nc3 Nd4 18. e3 Nf5 19. Nd5 Qd8 20. exf4 exf4 21. Nxf4 Nd4 22. Bb2 Bf5 23. Ne2 c5 24. bxc6 Nxc6 25. Bxg7+ Kxg7 26. a6 Ne5 27. Rxb7+ Rxb7 28. axb7 Bxd3 29. Nf4 Bxc4 30. Qd4 Qb6 31. Qxb6 axb6 32. Ra1 Nd7 33. Ra8 b5 34. Bh3 Nb8 35. Bc8 Nc6 36. Bd7 Nb8 37. Bxb5 Bg8 38. Nd3 Kf6 39. Nb4 1-0


[Site "https://www.chess.com"]

[Event "Titled Tuesday Blitz November 15 Late 2022"]
[White "Halvax, Georg"]
[Black "Broca Jimenez, Fernando"]
[WhiteFideId "1619543"]
[BlackFideId "5104742"]
[WhiteElo "2482"]
[BlackElo "2062"]
[Result "1-0"]
[Round "01"]
[TimeControl "180+1"]
[Date "2022.11.16"]
[WhiteClock "0:01:30"]
[BlackClock "0:01:10"]

1. e4 c5 2. Nf3 d6 3. d4 cxd4 4. Nxd4 Nf6 5. Nc3 g6 6. Be3 Bg7 7. f3 O-O 8. Qd2 Nc6 9. Bc4 Bd7 10. Bb3 Rc8 11. O-O-O Ne5 12. Kb1 Nc4 13. Bxc4 Rxc4 14. g4 b5 15. b3 Rc8 16. Ndxb5 Bxb5 17. Nxb5 a6 18. Nd4 Qd7 19. Bh6 Rc5 20. Bxg7 Kxg7 21. h4 h6 22. h5 g5 23. Nf5+ Kh7 24. Qd4 Rfc8 25. c4 a5 26. Rhe1 Qe6 27. Qd3 Qe5 28. Qd4 Qe6 29. Qb2 a4 30. Nd4 Qe5 31. Nb5 axb3 32. axb3 Qf4 33. Rd3 Ra8 34. Rde3 Rc6 35. e5 dxe5 36. Qxe5 Qxe5 37. Rxe5 e6 38. Kb2 Rca6 39. Kc3 Rc8 40. Kb4 Nd7 41. R5e3 Nc5 42. Rd1 Rb6 43. Rd6 Na6+ 44. Ka5 Rxd6 45. Nxd6 Rc6 46. Nxf7 Nc5 47. Ne5 Rc8 48. b4 Nb7+ 49. Kb6 Nd6 50. c5 Rb8+ 51. Kc7 Nb5+ 52. Kxb8 1-0


[Site "https://www.chess.com"]

[Event "Titled Tuesday Blitz November 15 Late 2022"]
[White "Harish, Neeraj"]
[Black "Janaszak, Dawid"]
[WhiteFideId "30958130"]
[BlackFideId "1119206"]
[WhiteElo "1815"]
[BlackElo "2226"]
[Result "1/2-1/2"]
[Round "01"]
[TimeControl "180+1"]
[Date "2022.11.16"]
[WhiteClock "0:00:11"]
[BlackClock "0:01:43"]

1. e4 c5 2. Nf3 Nc6 3. d4 cxd4 4. Nxd4 g6 5. c4 Bg7 6. Be3 Qb6 7. Nb3 Qd8 8. Qd2 Nf6 9. Nc3 Ng4 10. Bf4 O-O 11. Be2 d6 12. O-O b6 13. f3 Nge5 14. Be3 Ba6 15. Nb5 Rc8 16. Rac1 Qd7 17. h3 f5 18. exf5 Qxf5 19. N3d4 Qd7 20. b3 Kh8 21. f4 Nxd4 22. Nxd4 Nf7 23. Bg4 Qb7 24. Ne6 Nh6 25. Nxf8 Nxg4 26. hxg4 Rxf8 27. Bd4 e5 28. fxe5 dxe5 29. Rxf8+ Bxf8 30. Bxe5+ Kg8 31. Qd5+ Qf7 32. Qxf7+ Kxf7 33. Rd1 Ke6 34. Bg3 Bb7 35. Rd8 Bc5+ 36. Bf2 Be7 37. Rh8 h5 38. gxh5 gxh5 39. Rxh5 Be4 40. Rh8 Bf6 41. Rb8 Be5 42. Re8+ Kd6 43. Rxe5 Kxe5 44. g4 Kf4 45. Kf1 Bb1 46. a3 Ba2 47. b4 Bxc4+ 48. Ke1 Kxg4 49. Kd2 Kf3 50. Kc3 Bb5 51. Bd4 Ke4 52. Bg7 Kd5 53. Bh6 Bd7 54. Be3 Kc6 55. Bd4 Kb5 56. Kb3 Be6+ 57. Kb2 Kc4 58. Be5 Kb5 59. Bf6 Ka4 60. Bg7 Kb5 61. Bh8 a5 62. bxa5 bxa5 63. Bc3 a4 64. Bd4 Bb3 65. Be5 Bc4 66. Bf6 Bb3 67. Bg7 Bc4 68. Bh8 Bb3 69. Bg7 Bc4 70. Bh8 Bb3 71. Bg7 1/2-1/2


[Site "https://www.chess.com"]

[Event "Titled Tuesday Blitz November 15 Late 2022"]
[White "Harshavardhan G B"]
[Black "Roman, Rodrigo"]
[WhiteFideId "25059009"]
[BlackFideId "3701220"]
[WhiteElo "2333"]
[BlackElo "1995"]
[Result "1-0"]
[Round "01"]
[TimeControl "180+1"]
[Date "2022.11.16"]
[WhiteClock "0:02:09"]
[BlackClock "0:00:32"]

1. d4 Nf6 2. c4 e6 3. Nf3 b6 4. Nc3 Bb7 5. Bg5 Bb4 6. e3 h6 7. Bh4 g5 8. Bg3 Ne4 9. Rc1 Bxc3+ 10. bxc3 d6 11. Nd2 h5 12. Nxe4 Bxe4 13. f3 h4 14. Bf2 Bb7 15. h3 Nd7 16. Bd3 f5 17. Qe2 Ke7 18. e4 f4 19. O-O e5 20. c5 dxc5 21. dxc5 Nxc5 22. Bxc5+ bxc5 23. Rfd1 Qd6 24. Bc4 Qc6 25. Bd5 Qa6 26. Qxa6 Bxa6 27. Bxa8 Rxa8 28. Rd5 Rd8 29. Rxd8 Kxd8 30. Rd1+ Ke7 31. Rd5 Ke6 32. Rxc5 Kd6 33. Rd5+ Ke6 34. Ra5 Bc4 35. Rxa7 Kd6 36. a4 Bb3 37. a5 Kc6 38. Ra8 1-0


[Site "https://www.chess.com"]

[Event "Titled Tuesday Blitz November 15 Late 2022"]
[White "Haszon, David"]
[Black "Hansen, Sune Berg"]
[WhiteFideId "733610"]
[BlackFideId "1400266"]
[WhiteElo "2211"]
[BlackElo "2731"]
[Result "0-1"]
[Round "01"]
[TimeControl "180+1"]
[Date "2022.11.16"]
[WhiteClock "0:00:10"]
[BlackClock "0:00:18"]

1. e4 c5 2. c3 e6 3. d4 d5 4. exd5 exd5 5. Nf3 Nc6 6. Bb5 Bd6 7. O-O Ne7 8. Be3 c4 9. Ne5 O-O 10. Nxc6 bxc6 11. Ba4 Nf5 12. Bxc6 Bxh2+ 13. Kxh2 Qd6+ 14. Kg1 Qxc6 15. Bf4 f6 16. Na3 g5 17. Bc1 Nh4 18. Nc2 Bd7 19. f4 g4 20. Qe1 Nf5 21. Qf2 Rae8 22. Re1 Rxe1+ 23. Qxe1 Re8 24. Qf2 Nd6 25. Qh4 Ne4 26. Nb4 Qe6 27. Be3 Qf5 28. Re1 h5 29. g3 Kg7 30. Bf2 Kg6 31. Kg2 Nd6 32. Rxe8 Bxe8 33. Qh1 a5 34. Na6 Qc2 35. Qe1 Ne4 36. Nc5 Bc6 37. Nxe4 dxe4 38. Qe3 Bd5 39. f5+ Kxf5 40. Qf4+ Ke6 41. Kg1 Qb1+ 42. Kh2 Qxb2 43. a4 Qe2 44. Qe3 Qf1 45. Bg1 Qd3 46. Qh6 Qe2+ 47. Kh1 e3# 0-1


[Site "https://www.chess.com"]

[Event "Titled Tuesday Blitz November 15 Late 2022"]
[White "Hnydiuk, Aleksander"]
[Black "Terry, Renato"]
[WhiteFideId "1109057"]
[BlackFideId "3803457"]
[WhiteElo "2374"]
[BlackElo "2577"]
[Result "0-1"]
[Round "01"]
[TimeControl "180+1"]
[Date "2022.11.15"]
[WhiteClock "0:00:01"]
[BlackClock "0:01:19"]

1. c4 b6 2. d4 e6 3. a3 Nf6 4. d5 Na6 5. Nc3 Nc5 6. g3 a5 7. Bg2 Bb7 8. Nf3 Be7 9. O-O O-O 10. Nd4 exd5 11. cxd5 Re8 12. e4 Bd6 13. Re1 Be5 14. Be3 a4 15. Rb1 d6 16. f4 Bxd4 17. Bxd4 Nfd7 18. Qc2 Ba6 19. Rbd1 Bc4 20. Qb1 Nb3 21. Bf2 Ndc5 22. e5 Qd7 23. h4 Rad8 24. Kh2 Qc8 25. Bh3 Qa6 26. Re3 Qa8 27. h5 dxe5 28. fxe5 Bxd5 29. Rxd5 Rxd5 30. Bg2 c6 31. Nxd5 cxd5 32. h6 Qc6 33. hxg7 Qh6+ 34. Kg1 d4 35. Re1 d3 36. e6 Rxe6 37. Rxe6 Qxe6 38. Qd1 Qe2 39. Qxe2 dxe2 40. Bf3 Nc1 41. Be1 N5d3 42. Bxe2 Nxe2+ 43. Kf1 Nd4 0-1


[Site "https://www.chess.com"]

[Event "Titled Tuesday Blitz November 15 Late 2022"]
[White "Horcajuelo Rocamora, Martin"]
[Black "Zwirs, Nico"]
[WhiteFideId "24573027"]
[BlackFideId "1036432"]
[WhiteElo "2094"]
[BlackElo "2381"]
[Result "0-1"]
[Round "01"]
[TimeControl "180+1"]
[Date "2022.11.16"]
[WhiteClock "0:00:50"]
[BlackClock "0:00:18"]

1. e4 c5 2. Nf3 e6 3. d4 cxd4 4. Nxd4 a6 5. Bd3 Bc5 6. Nb3 Ba7 7. O-O Ne7 8. c4 d6 9. Nc3 Nbc6 10. Bf4 e5 11. Bg5 h6 12. Bh4 g5 13. Bg3 Ng6 14. Nd5 h5 15. h3 Nf4 16. Bxf4 gxf4 17. Be2 Be6 18. Kh2 Rc8 19. Rc1 Qg5 20. c5 dxc5 21. Nxc5 Bxc5 22. Rxc5 Rd8 23. Qa4 O-O 24. g3 fxg3+ 25. fxg3 Nd4 26. Nf6+ Kh8 27. Bxh5 Qd2+ 28. Kh1 Bxh3 29. Rg1 Rd6 30. Rxe5 Rxf6 31. Rd5 Rf1 32. Qxd4+ Qxd4 33. Rxd4 Rf2 34. g4 Rc8 35. Rg3 Rc1+ 36. Rg1 Rcc2 37. Rd8+ Kg7 38. Rgd1 Rh2+ 39. Kg1 Rcg2+ 0-1


[Site "https://www.chess.com"]

[Event "Titled Tuesday Blitz November 15 Late 2022"]
[White "Huber, Benedikt"]
[Black "Korchmar, Vasiliy"]
[WhiteFideId "12923583"]
[BlackFideId "24131750"]
[WhiteElo "2199"]
[BlackElo "2370"]
[Result "0-1"]
[Round "01"]
[TimeControl "180+1"]
[Date "2022.11.16"]
[WhiteClock "0:00:42"]
[BlackClock "0:00:35"]

1. d4 d5 2. Nc3 Nf6 3. Bf4 a6 4. e3 b5 5. h4 e6 6. g4 Bb4 7. Bd3 Bb7 8. g5 Ne4 9. Ne2 Nd7 10. a3 Bd6 11. Bxe4 dxe4 12. Qd2 O-O 13. h5 Nb6 14. b3 Qe7 15. a4 b4 16. Nd1 Bxf4 17. Nxf4 e5 18. dxe5 Qxe5 19. Qd4 Qxd4 20. exd4 Rad8 21. Ne3 Rxd4 22. a5 Nc8 23. g6 Rd7 24. gxh7+ Kxh7 25. Ke2 Nd6 26. Rag1 Nb5 27. Nf5 Nd4+ 28. Nxd4 Rxd4 29. Rg5 e3 30. Rhg1 Rxf4 31. Rxg7+ Kh6 32. fxe3 Rf5 33. R7g3 Be4 0-1


[Site "https://www.chess.com"]

[Event "Titled Tuesday Blitz November 15 Late 2022"]
[White "Iliaguev, Nisim"]
[Black "Liu, Kelsey"]
[WhiteFideId "2817276"]
[BlackFideId "30944481"]
[WhiteElo "2244"]
[BlackElo "2335"]
[Result "1-0"]
[Round "01"]
[TimeControl "180+1"]
[Date "2022.11.16"]
[WhiteClock "0:01:30"]
[BlackClock "0:00:04"]

1. d4 Nf6 2. g3 d5 3. Bg2 e6 4. Nf3 c5 5. O-O Be7 6. c4 O-O 7. cxd5 exd5 8. Nc3 Nc6 9. b3 Ne4 10. Bb2 Bf6 11. e3 Re8 12. Nxe4 dxe4 13. Nd2 Bf5 14. g4 Bg6 15. g5 Bxg5 16. dxc5 Qd7 17. Nc4 Rad8 18. Qxd7 Rxd7 19. Nd6 Ree7 20. a3 a5 21. Rad1 Ne5 22. Bxe5 Rxe5 23. b4 Be7 24. Nc4 Red5 25. Rxd5 Rxd5 26. Nxa5 Rd7 27. Rc1 f5 28. Bf1 Bf7 29. c6 bxc6 30. Nxc6 Bf6 31. Bc4 Bxc4 32. Rxc4 Rd1+ 33. Kg2 Ra1 34. b5 Rxa3 35. b6 Rb3 36. Rb4 Rxb4 37. Nxb4 Kf7 38. b7 Be5 39. Nc6 Bc7 40. b8=Q Bxb8 41. Nxb8 Ke6 42. Nc6 g5 43. Nd4+ Ke5 44. Nc6+ Kd6 45. Nd4 Ke5 46. Kg3 f4+ 47. Kg4 fxe3 48. fxe3 h6 49. Kh5 Kf6 50. Kxh6 1-0


[Site "https://www.chess.com"]

[Event "Titled Tuesday Blitz November 15 Late 2022"]
[White "Issani, Nameer"]
[Black "Brown, Andrew"]
[WhiteFideId "2619130"]
[BlackFideId "3206513"]
[WhiteElo "2634"]
[BlackElo "2245"]
[Result "0-1"]
[Round "01"]
[TimeControl "180+1"]
[Date "2022.11.16"]
[WhiteClock "0:00:35"]
[BlackClock "0:00:30"]

1. d4 g6 2. c4 Bg7 3. Nc3 d6 4. e4 Nd7 5. Be3 e5 6. f3 Ne7 7. d5 f5 8. Nge2 f4 9. Bf2 g5 10. Rb1 a5 11. a3 h5 12. h3 O-O 13. b4 axb4 14. axb4 Ng6 15. c5 Nf6 16. Nc1 g4 17. hxg4 hxg4 18. Nb3 g3 19. Bg1 b6 20. cxd6 cxd6 21. Bb5 Kf7 22. Bc6 Rb8 23. Nb5 Ba6 24. Na3 Rh8 25. Rxh8 Qxh8 26. b5 Qh1 27. Kf1 Nh4 28. Qd2 Bc8 29. Nc4 Bf8 30. Rb2 Nxg2 31. Qb4 Bh3 32. Nxd6+ Bxd6 33. Qxd6 Nh4+ 34. Ke2 Qxf3+ 35. Ke1 Qf1+ 36. Kd2 Nxe4+ 37. Kc2 Nxd6 38. Rb1 Bf5+ 0-1


[Site "https://www.chess.com"]

[Event "Titled Tuesday Blitz November 15 Late 2022"]
[White "Ivic, Velimir"]
[Black "Thorhallsson, Simon"]
[WhiteFideId "950122"]
[BlackFideId "2310090"]
[WhiteElo "2625"]
[BlackElo "2109"]
[Result "1-0"]
[Round "01"]
[TimeControl "180+1"]
[Date "2022.11.16"]
[WhiteClock "0:00:18"]
[BlackClock "0:00:02"]

1. d4 Nf6 2. c4 e5 3. dxe5 Ng4 4. Nf3 Bc5 5. e3 Nc6 6. Nc3 O-O 7. Be2 Re8 8. O-O Ncxe5 9. Nxe5 Nxe5 10. b3 a5 11. Bb2 Ra6 12. Nd5 Rh6 13. Nf4 d6 14. Bd4 Bxd4 15. Qxd4 b6 16. Nd5 Ree6 17. g3 Bb7 18. f4 Nc6 19. Qd2 Ne7 20. Bf3 c6 21. Nc3 d5 22. cxd5 cxd5 23. Rfd1 Rd6 24. Nb5 Rd7 25. Nd4 Nc6 26. Rac1 Nxd4 27. Qxd4 Re6 28. Rc3 Rdd6 29. a3 h6 30. h4 Qe7 31. Kf2 Rd7 32. b4 axb4 33. axb4 Rc6 34. Rdc1 Rxc3 35. Rxc3 Rc7 36. h5 Qd7 37. Bg4 Qd8 38. Bf5 Rxc3 39. Qxc3 Qe8 40. Qc7 Ba8 41. Qxb6 Qd8 42. Qxd8# 1-0


[Site "https://www.chess.com"]

[Event "Titled Tuesday Blitz November 15 Late 2022"]
[White "Jacobson, Brandon"]
[Black "Sreyas Payyappat"]
[WhiteFideId "30901561"]
[BlackFideId "46674969"]
[WhiteElo "2451"]
[BlackElo "2083"]
[Result "1-0"]
[Round "01"]
[TimeControl "180+1"]
[Date "2022.11.16"]
[WhiteClock "0:00:19"]
[BlackClock "0:00:37"]

1. e4 c6 2. Nf3 d5 3. d3 dxe4 4. dxe4 Qxd1+ 5. Kxd1 Bg4 6. Be2 Nd7 7. Ne1 Bxe2+ 8. Kxe2 Ngf6 9. f3 O-O-O 10. Nd3 e5 11. Be3 Bd6 12. Nd2 Bc7 13. a4 a6 14. Nc4 Rhe8 15. Rhd1 Nf8 16. c3 Ng6 17. g3 h5 18. h4 Ng8 19. b4 N8e7 20. b5 f5 21. bxa6 bxa6 22. Nc5 f4 23. Bf2 fxg3 24. Bxg3 Nf4+ 25. Bxf4 exf4 26. Rxd8+ Rxd8 27. Rg1 g6 28. Nxa6 Re8 29. Nxc7 Kxc7 30. Kd3 Rd8+ 31. Kc2 Ra8 32. a5 c5 33. Rg5 Kc6 34. Re5 Ra7 35. Re6+ Kb5 36. Kb3 Rc7 37. Rb6# 1-0


[Site "https://www.chess.com"]

[Event "Titled Tuesday Blitz November 15 Late 2022"]
[White "Jaracz, Pawel"]
[Black "Li, Xueyi"]
[WhiteFideId "1102222"]
[BlackFideId "8605912"]
[WhiteElo "2459"]
[BlackElo "2197"]
[Result "1-0"]
[Round "01"]
[TimeControl "180+1"]
[Date "2022.11.16"]
[WhiteClock "0:01:00"]
[BlackClock "0:00:20"]

1. e4 c6 2. c4 d5 3. exd5 cxd5 4. cxd5 Nf6 5. Nc3 Nxd5 6. Nf3 g6 7. Bb5+ Nc6 8. Ne5 Qd6 9. d4 Bg7 10. O-O O-O 11. Bxc6 bxc6 12. Ne4 Qc7 13. Re1 Bxe5 14. dxe5 Qxe5 15. Bh6 Re8 16. Qa4 Bd7 17. Nc5 Qd6 18. Rac1 e5 19. Qa5 f5 20. b3 Re7 21. Bg5 Ree8 22. Qa6 Bc8 23. Qc4 Kg7 24. Rcd1 h6 25. Bc1 Kh7 26. Bb2 e4 27. Qd4 Qc7 28. f3 e3 29. f4 Bb7 30. g3 Rad8 31. Rd3 e2 32. Rd2 Qb6 33. Qg7# 1-0


[Site "https://www.chess.com"]

[Event "Titled Tuesday Blitz November 15 Late 2022"]
[White "Jiang, Andrew"]
[Black "Jarmula, Lukasz"]
[WhiteFideId "30953510"]
[BlackFideId "1160664"]
[WhiteElo "1868"]
[BlackElo "2357"]
[Result "1-0"]
[Round "01"]
[TimeControl "180+1"]
[Date "2022.11.16"]
[WhiteClock "0:00:34"]
[BlackClock "0:00:09"]

1. e4 c5 2. Nf3 d6 3. d4 cxd4 4. Qxd4 Nc6 5. Bb5 Bd7 6. Bxc6 Bxc6 7. c4 e5 8. Qd3 f5 9. Nc3 Nf6 10. exf5 e4 11. Qe2 Qb6 12. Ng5 Be7 13. Ne6 Rg8 14. Be3 Qa5 15. a3 Qxf5 16. Nc7+ Kf7 17. Nxa8 Rxa8 18. O-O Kg8 19. h3 Nd7 20. b4 b6 21. Bd4 Qg6 22. Rae1 Rf8 23. Nxe4 Bh4 24. Ng3 Nf6 25. Qe6+ Kh8 26. Qf5 Qf7 27. Qe6 Qb7 28. Nf5 Bxg2 29. Nxh4 Bxf1 30. Rxf1 Ne4 31. Nf5 Nf6 32. Bxf6 gxf6 33. f3 Qc7 34. Qxd6 Qf7 35. Kf2 Re8 36. Re1 Rg8 37. Rg1 Re8 38. Nh6 Qf8 39. Qxf8+ Rxf8 40. Nf5 Rc8 41. Rc1 Rc7 42. c5 bxc5 43. bxc5 Kg8 44. Nd4 Kf7 45. c6 Ke7 46. Nb5 Rc8 47. c7 a6 48. Na7 1-0


[Site "https://www.chess.com"]

[Event "Titled Tuesday Blitz November 15 Late 2022"]
[White "Jones, Gawain C B"]
[Black "Golubev, Mikhail"]
[WhiteFideId "409561"]
[BlackFideId "14100983"]
[WhiteElo "2657"]
[BlackElo "2374"]
[Result "1-0"]
[Round "01"]
[TimeControl "180+1"]
[Date "2022.11.15"]
[WhiteClock "0:01:54"]
[BlackClock "0:01:09"]

1. e4 c5 2. Nc3 Nc6 3. Bb5 Nd4 4. Nf3 a6 5. Bd3 Nxf3+ 6. Qxf3 g6 7. b3 Bg7 8. Bb2 e6 9. Na4 Bxb2 10. Nxb2 Qf6 11. Qxf6 Nxf6 12. e5 Nd5 13. Nc4 Ke7 14. Be4 f6 15. Bxd5 exd5 16. Nb6 fxe5 17. Nxa8 b5 18. a4 b4 19. Nb6 Bb7 20. a5 d4 21. O-O d5 22. f3 Kd6 23. d3 g5 24. Kf2 h5 25. h4 g4 26. fxg4 hxg4 27. Kg3 1-0


[Site "https://www.chess.com"]

[Event "Titled Tuesday Blitz November 15 Late 2022"]
[White "Joubert, Dantelle"]
[Black "Molenda, Marcin"]
[WhiteFideId "14310813"]
[BlackFideId "1173065"]
[WhiteElo "1507"]
[BlackElo "2281"]
[Result "1-0"]
[Round "01"]
[TimeControl "180+1"]
[Date "2022.11.16"]
[WhiteClock "0:00:47"]
[BlackClock "0:01:19"]

1. d4 d5 2. c4 e6 3. Nc3 Nf6 4. Nf3 Be7 5. Bf4 O-O 6. e3 b6 7. Be2 dxc4 8. Bxc4 Bb7 9. O-O c5 10. dxc5 Qxd1 11. Rfxd1 Bxc5 12. Ne5 Nc6 13. Nd7 Nxd7 14. Rxd7 Bc8 15. Rc7 Na5 16. Be2 Bb7 17. a3 Nb3 18. Rd1 Bc8 19. Bf3 Ba6 20. Bxa8 Rxa8 21. Rcd7 h6 22. Rd8+ Rxd8 23. Rxd8+ Kh7 24. Rd7 f6 25. Rxa7 e5 26. Rxa6 exf4 27. exf4 Nc1 28. b4 Bd4 29. Nb5 1-0


[Site "https://www.chess.com"]

[Event "Titled Tuesday Blitz November 15 Late 2022"]
[White "Kaganskiy, Gleb"]
[Black "Averjanov, Alexey"]
[WhiteFideId "4132025"]
[BlackFideId "14109867"]
[WhiteElo "2165"]
[BlackElo "2621"]
[Result "1/2-1/2"]
[Round "01"]
[TimeControl "180+1"]
[Date "2022.11.16"]
[WhiteClock "0:00:28"]
[BlackClock "0:01:47"]

1. e4 c6 2. c4 d5 3. cxd5 cxd5 4. exd5 Nf6 5. Qa4+ Nbd7 6. Bc4 g6 7. d3 Bg7 8. Nc3 O-O 9. Nf3 a6 10. Qa3 b6 11. O-O Bb7 12. Re1 b5 13. Bb3 Re8 14. Ng5 Nb6 15. d6 e6 16. Nge4 Nfd5 17. Bg5 f6 18. Be3 b4 19. Bxb6 Qxb6 20. Nxd5 exd5 21. Qa4 Bc6 22. Bxd5+ Bxd5 23. Nxf6+ Bxf6 24. Rxe8+ Rxe8 25. Qxe8+ Kg7 26. Qd7+ Kh6 27. Qh3+ Kg7 28. Qd7+ Kh6 29. Qh3+ Kg7 30. Qd7+ 1/2-1/2


[Site "https://www.chess.com"]

[Event "Titled Tuesday Blitz November 15 Late 2022"]
[White "Karas, Marek"]
[Black "Ter-Sahakyan, Samvel"]
[WhiteFideId "14928558"]
[BlackFideId "13302531"]
[WhiteElo "2220"]
[BlackElo "2584"]
[Result "0-1"]
[Round "01"]
[TimeControl "180+1"]
[Date "2022.11.16"]
[WhiteClock "0:00:01"]
[BlackClock "0:00:33"]

1. d4 Nf6 2. Nf3 d5 3. c4 e6 4. Nc3 Bb4 5. Qa4+ Nc6 6. e3 O-O 7. Bd2 dxc4 8. Bxc4 Bd6 9. Nb5 Be7 10. Nc3 a6 11. Be2 Bd6 12. Rd1 Bd7 13. O-O Qe7 14. Qc2 h6 15. e4 e5 16. d5 Nd4 17. Qd3 c5 18. dxc6 Nxe2+ 19. Qxe2 Bxc6 20. Rfe1 Rfe8 21. Nh4 Qe6 22. Nf5 Bf8 23. Ng3 Rad8 24. f3 g6 25. Be3 h5 26. Nf1 Bb4 27. Rxd8 Rxd8 28. Rd1 Rxd1 29. Qxd1 Bxc3 30. bxc3 Qxa2 31. Qd8+ Ne8 32. Qe7 f6 33. Bc5 Qf7 34. Qd8 Qc7 35. Qd2 Qd7 36. Qh6 Qf7 37. Qd2 Kg7 38. Ne3 Qd7 39. Nd5 Bxd5 40. exd5 Nc7 41. c4 b5 42. cxb5 Qxb5 43. Bf2 Nxd5 44. h4 a5 45. Qa2 a4 46. Qa3 Qc6 0-1


[Site "https://www.chess.com"]

[Event "Titled Tuesday Blitz November 15 Late 2022"]
[White "Kirillov, Dmitry"]
[Black "Ibarra Jerez, Jose Carlos"]
[WhiteFideId "34180572"]
[BlackFideId "2226332"]
[WhiteElo "2095"]
[BlackElo "2638"]
[Result "0-1"]
[Round "01"]
[TimeControl "180+1"]
[Date "2022.11.16"]
[WhiteClock "0:00:06"]
[BlackClock "0:00:07"]

1. e4 c5 2. Nc3 a6 3. a4 Nc6 4. f4 e6 5. e5 d5 6. exd6 Bxd6 7. d3 Nf6 8. g3 e5 9. Nge2 Bg4 10. Bg2 exf4 11. Bxf4 Bxf4 12. gxf4 O-O 13. O-O Nd4 14. Qd2 Re8 15. Ng3 Qb6 16. a5 Qxb2 17. Ra2 Qb4 18. Rb1 Ne2+ 19. Ngxe2 Rxe2 20. Qxe2 Qxc3 21. Qe5 Qd2 22. Rxb7 Re8 23. Re7 Qc1+ 24. Bf1 Rxe7 25. Qxe7 h5 26. Qe5 Qd2 27. Qxc5 Be6 28. Ra1 Ng4 29. Bg2 Qxf4 30. h3 Qh2+ 31. Kf1 Qf4+ 32. Ke2 Qg3 33. hxg4 Qxg2+ 34. Qf2 Bxg4+ 35. Ke3 Qd5 36. Kd2 Qe5 37. Ra4 g5 38. Qe3 Qh2+ 39. Kc3 Qc7+ 40. Kb3 Be6+ 41. Kb2 Qe7 42. d4 h4 43. d5 Qb7+ 44. Kc1 Qxd5 45. Re4 Qxa5 46. Re5 Qa1+ 47. Kd2 g4 48. Rg5+ Kf8 49. Qc5+ Ke8 50. Rg8+ Kd7 51. Qc8+ Kd6 52. Rd8+ Ke5 53. Qc7+ Kf5 54. Qc5+ Qe5 55. Qxe5+ Kxe5 56. Rh8 h3 57. Ke3 f5 58. Rh6 f4+ 59. Kf2 g3+ 60. Kf1 h2 0-1


[Site "https://www.chess.com"]

[Event "Titled Tuesday Blitz November 15 Late 2022"]
[White "Klenburg, Michael"]
[Black "Kosakowski, Jakub"]
[WhiteFideId "14102072"]
[BlackFideId "1185080"]
[WhiteElo "2405"]
[BlackElo "2463"]
[Result "1-0"]
[Round "01"]
[TimeControl "180+1"]
[Date "2022.11.16"]
[WhiteClock "0:00:17"]
[BlackClock "0:00:02"]

1. g3 g6 2. Bg2 Bg7 3. c4 Nf6 4. Nc3 O-O 5. Nf3 d6 6. O-O Nc6 7. d3 h6 8. Rb1 e5 9. b4 Re8 10. b5 Nb8 11. Nd2 Nbd7 12. a4 h5 13. a5 Rb8 14. Ba3 h4 15. b6 axb6 16. axb6 Nxb6 17. c5 dxc5 18. Bxc5 Nbd5 19. Nxd5 Nxd5 20. Qc2 b6 21. Ba3 Bb7 22. Rfc1 hxg3 23. hxg3 Bh6 24. Rd1 Kg7 25. Bb2 f6 26. d4 exd4 27. Bxd4 Rxe2 28. Qd3 Rxd2 29. Rxd2 Bxd2 30. Qxd2 c5 31. Ba1 Qd7 32. Rd1 Rd8 33. Qb2 Qe6 34. Qb1 Re8 35. Qb5 Bc6 36. Qb1 Nb4 37. Bc3 Bxg2 38. Kxg2 Nd5 39. Ba1 Qc6 40. Kg1 Rh8 41. Qe4 Re8 42. Qf3 Nb4 43. Qf4 Rh8 44. f3 Re8 45. g4 Nd5 46. Qd2 Rd8 47. g5 Kf7 48. gxf6 Qd6 49. Qg5 Rd7 50. Qh4 Ke6 51. Re1+ Ne3 52. Rxe3+ Kd5 53. Rd3+ Kc6 54. Rxd6+ 1-0


[Site "https://www.chess.com"]

[Event "Titled Tuesday Blitz November 15 Late 2022"]
[White "Kobo, Ori"]
[Black "Garagulya, Konstantin"]
[WhiteFideId "2812320"]
[BlackFideId "4128931"]
[WhiteElo "2447"]
[BlackElo "2329"]
[Result "1-0"]
[Round "01"]
[TimeControl "180+1"]
[Date "2022.11.16"]
[WhiteClock "0:01:27"]
[BlackClock "0:00:31"]

1. e4 c5 2. Nc3 Nc6 3. Bb5 Nd4 4. Nf3 Nxb5 5. Nxb5 a6 6. Nc3 d6 7. d4 cxd4 8. Qxd4 e6 9. Bg5 Nf6 10. O-O-O Be7 11. e5 dxe5 12. Qxe5 Qb6 13. Ne4 Nxe4 14. Bxe7 Kxe7 15. Qxe4 Bd7 16. Ne5 Bc6 17. Qg4 Rhg8 18. Qf4 f6 19. Nc4 Qc5 20. Qc7+ Kf8 21. Rd7 Qg5+ 22. f4 Qg6 23. Qd6+ 1-0


[Site "https://www.chess.com"]

[Event "Titled Tuesday Blitz November 15 Late 2022"]
[White "Kouskoutis, Georgios-Alexandros"]
[Black "Martinez Alcantara, Jose Eduardo"]
[WhiteFideId "4234049"]
[BlackFideId "3805662"]
[WhiteElo "2187"]
[BlackElo "2705"]
[Result "0-1"]
[Round "01"]
[TimeControl "180+1"]
[Date "2022.11.15"]
[WhiteClock "0:00:01"]
[BlackClock "0:00:42"]

1. Nf3 c5 2. g3 Nc6 3. Bg2 g6 4. O-O Bg7 5. c4 d6 6. Nc3 e6 7. e3 Nge7 8. d4 O-O 9. d5 Na5 10. Nd2 Rb8 11. a4 a6 12. Qc2 exd5 13. cxd5 b5 14. axb5 axb5 15. e4 b4 16. Nd1 Ba6 17. Re1 b3 18. Qb1 Bb5 19. Nc3 Nc8 20. Nxb5 Rxb5 21. Qd3 Rb4 22. Nb1 Nc4 23. Nc3 N8b6 24. h4 h5 25. Re2 Ne5 26. Qd1 Qb8 27. f4 Ng4 28. Bf3 Qc8 29. Kg2 Nc4 30. Qd3 Nb6 31. Qa6 Qd8 32. Nd1 Nc4 33. Ra4 Qb8 34. Rxb4 Qxb4 35. Qc6 Qb6 36. Qxb6 Nxb6 37. Bxg4 hxg4 38. Bd2 Ra8 39. Bc3 Ra1 40. Bxg7 Kxg7 41. Ne3 c4 42. e5 c3 43. bxc3 Ra2 0-1


[Site "https://www.chess.com"]